 Dungeon Crawl Stone Soup version 0.30-a0-867-g305f33218d (webtiles) character file.

Game seed: 13014943287748737196

67 Rocko1345 the Trooper (level 3, -1/34 HPs)
             Began as a Minotaur Monk on Mar 10, 2023.
             Succumbed to an adder's poison
             ... on level 2 of the Dungeon.
             The game lasted 00:02:57 (850 turns).

Rocko1345 the Trooper (Minotaur Monk)                Turns: 850, Time: 00:02:57

Health: -1/34      AC:  3    Str: 17    XL:     3   Next: 98%
Magic:  2/2        EV: 12    Int:  7    God:
Gold:   77         SH:  0    Dex: 10    Spells: 2/2 levels left

rFire   . . .      SeeInvis .    j - +0 flail
rCold   . . .      Faith    .    (no shield)
rNeg    . . .      Spirit   .    b - +0 robe
rPois   .          Reflect  .    (helmet restricted)
rElec   .          Rampage  .    (no cloak)
rCorr   .                        (no gloves)
Will    .....                    m - +0 pair of boots
Stlth   ++                       (no amulet)
HPRegen 0.25/turn                (no ring)
MPRegen 0.08/turn                (no ring)

@: lethally poisoned (-1 -> -5), unable to drink
A: horns 2, retaliatory headbutt, clumsy 1, inability to drink after injury 1
a: no special abilities


You were on level 2 of the Dungeon.
You visited 1 branch of the dungeon, and saw 2 of its levels.

You collected 77 gold pieces.

Inventory:

Hand Weapons
 a - a +0 falchion
 d - a +1 dagger of venom
 i - a +2 dagger of distortion
 j - a +0 flail (weapon)
Armour
 b - a +0 robe (worn)
 m - a +0 pair of boots (worn)
Scrolls
 f - a scroll of fog {unknown}
 g - 2 scrolls of identify {unknown}
 h - a scroll of enchant armour {unknown}
 k - a scroll of magic mapping {unknown}
 l - a scroll of noise {unknown}
Potions
 c - a potion of ambrosia
 e - a potion of mutation {unknown}


   Skills:
 + Level 4.4 Fighting
 - Level 0.3(2.2) Short Blades
 - Level 4.0 Long Blades
 * Level 1.1 Maces & Flails
 + Level 4.0 Dodging
 + Level 2.0 Stealth


You had 2 spell levels left.
You didn't know any spells.
Your spell library was empty.

Dungeon Overview and Level Annotations

Branches:
Dungeon (2/15)

Altars:


Innate Abilities, Weirdness & Mutations

You have a pair of horns on your head.
You reflexively headbutt those who attack you in melee.
You are clumsy. (Dex -2)
You occasionally lose the ability to drink potions when taking damage.


Message History

Robin roars a battlecry!
The goblin goes into a battle-frenzy!
The goblin barely misses you.
The adder hisses angrily.
The goblin hits you with a +0 dagger.
You closely miss the goblin. You headbutt the goblin.
You kill the goblin!
Robin says, "My army is invincible!"
You closely miss Robin. Robin hits you with a +0 whip. x2
You hit Robin but do no damage. Your headbutt misses Robin.
The adder bites you but does no damage. Robin misses you.
You hit Robin but do no damage. The adder bites you.
Robin hits you with a +0 whip. The adder bites you.
You are poisoned.
The adder poisons you!
You hit Robin but do no damage. You headbutt Robin!
Robin is heavily wounded.
You feel sick. The adder barely misses you. Robin closely misses you.
The adder closely misses you. Robin hits you with a +0 whip.
You feel threatened and lose the ability to drink potions!
You barely miss Robin. You headbutt Robin.
Robin is almost dead.
You feel sick. The adder bites you but does no damage.
Robin hits you with a +0 whip.
* * * LOW HITPOINT WARNING * * *
The adder bites you but does no damage.
Unknown command.
You sock Robin!
You kill Robin!
You feel sick.
You are no longer poisoned.
The adder misses you. The adder bites you.
* * * LOW HITPOINT WARNING * * *
You are lethally poisoned!
The adder poisons you!
Your Maces & Flails skill increases to level 1!
Your Stealth skill increases to level 2!
You cannot drink potions in your current state!
You barely miss the adder.
You die...

#.....#...........#
........#............
........#............
....###.##....).......
.### #.##.....).....#
#...............
########............
#.............###...
#......@......# ...
#......)S....... .#
#...........$....
#................
#.............##
#.............#
#.............#
#.............#


You could see an adder.

Vanquished Creatures
  Robin (D:2)
  A gnoll (D:1)
  A dart slug (D:1)
  2 ball pythons
  3 bats
  3 endoplasms (D:1)
  13 goblins
  3 hobgoblins
  6 kobolds (D:1)
  2 quokkas (D:1)
  A frilled lizard (D:1)
  A rat (D:1)
37 creatures vanquished.

Notes
Turn   | Place    | Note
-------+----------+-------------------------------------------
     0 | D:1      | Rocko1345 the Minotaur Monk began the quest for the Orb.
     0 | D:1      | Reached XP level 1. HP: 19/19 MP: 0/0
   207 | D:1      | Reached XP level 2. HP: 24/27 MP: 1/1
   351 | D:1      | Reached XP level 3. HP: 18/33 MP: 2/2
   441 | D:1      | Gained mutation: You are clumsy. (Dex -2) [mutagenic glow]
   453 | D:1      | Gained mutation: You occasionally lose the ability to drink
                  | potions when taking damage. [mutagenic glow]
   837 | D:2      | Noticed Robin
   849 | D:2      | Killed Robin
   849 | D:2      | HP: 1/34 [adder (4)]
   850 | D:2      | Reached skill level 1 in Maces & Flails
   850 | D:2      | Succumbed to an adder's poison

Illustrated notes

Levels and vault maps discovered:
D:1:      lemuel_arrival_lava_pool, layout_rooms
D:2:      layout_basic, minmay_misc_feat_tower, uniq_jessica, uniq_terence,
          uniq_robin

Skill      XL: |  1  2  3 |
---------------+----------+-----
Fighting       | 4 |  4.4
Long Blades    | 4 |  4.0
Dodging        | 4 |  4.0
Maces & Flails | 1 |  1.1
Stealth        | 2 |  2.0
Short Blades   | |  0.3

Action                     || total
---------------------------++-------
  Melee: Falchion          ||     8
         Dagger            ||    31
         Headbutt          ||     9
         Flail             ||    36
   Stab: Sleeping          ||     2
 Armour: Robe              ||    17
  Dodge: Dodged            ||    62

Table legend: (Time is in decaauts)
 A = Elapsed time spent in this place.
 B = Non-inter-level travel time spent in this place.
 C = Inter-level travel time spent in this place.
 D = Time resting spent in this place.
 E = Time spent auto-exploring this place.
 F = Levels seen in this place.
 G = Mean time per level.
                   A        B        C        D        E       F      G
               +--------+--------+--------+--------+--------+-----+--------+
         Total |    860 |    825 |     35 |    270 |    268 |   2 |  430.0 |
       Dungeon |    860 |    825 |     35 |    270 |    268 |   2 |  430.0 |
               +--------+--------+--------+--------+--------+-----+--------+

Top non-repeatable levels by time:
     D:1: 771 daAuts
     D:2: 88 daAuts
